IL
SACRAMENTO RIVER CATS @ NEW ORLEANS ZEPHYRS
09/25/2046
 
TOP OF THE 1ST
Sacramento River Cats batting - Pitching for New Orleans Zephyrs : RHP Tim Barnett
Pitching: RHP Tim Barnett
Batting: LHB Kevin Kantor 0-0: Ball
1-0: Foul Ball, location: 2F
1-1: SINGLE (Groundball, 56, EV 96.2 MPH)
Batting: LHB Ryan Braden 0-0: Ball
Kevin Kantor steals 2nd base
1-0: Foul Ball, location: 2F
1-1: Foul Ball, location: 2F
1-2: Ground out 6-3 (Groundball, 56, EV 101.2 MPH)
Batting: LHB Al Hernandez 0-0: Called Strike
0-1: Swinging Strike
0-2: Ball
1-2: Ball
2-2: Foul Ball, location: 2F
2-2: Foul Ball, location: 2F
2-2: Ground out 6-3 (Groundball, 6, EV 85.0 MPH)
Kevin Kantor to third
Batting: LHB Willie Ceniceros 0-0: Ball
Wild Pitch!
Kevin Kantor scores
1-0: Ball
2-0: Ball
3-0: Foul Ball, location: 2F
3-1: SINGLE (Groundball, 4D, EV 105.6 MPH)
Batting: RHB Davey Beeson 0-0: SINGLE (Line Drive, 56D, EV 94.4 MPH)
Willie Ceniceros to second
Batting: RHB Martin Guerrero 0-0: Ball
1-0: Swinging Strike
1-1: Foul Ball, location: 2F
1-2: Foul Ball, location: 2F
1-2: Foul Ball, location: 2F
1-2: Ball
2-2: Fly out, F7 (Flyball, 78M, EV 85.6 MPH)
Top of the 1st over - 1 run, 3 hits, 0 errors, 2 left on base; Sacramento 1 - New Orleans 0
BOTTOM OF THE 1ST
New Orleans Zephyrs batting - Pitching for Sacramento River Cats : RHP Dave Crouch
Pitching: RHP Dave Crouch
Batting: RHB Josh Crenwelge 0-0: Called Strike
0-1: Called Strike
0-2: Ball
1-2: Ball
2-2: Foul Ball, location: 2F
2-2: Foul Ball, location: 2F
2-2: Strikes out looking
Batting: RHB Masumitsu Sugiura 0-0: Ball
1-0: Ball
2-0: Called Strike
2-1: Ground out 5-3 (Groundball, 56S, EV 82.5 MPH)
Batting: RHB Dale Young 0-0: Ball
1-0: Foul Ball, location: 2F
1-1: Fly out, F2 (Popup, 23F, EV 81.2 MPH)
Bottom of the 1st over - 0 runs, 0 hits, 0 errors, 0 left on base; Sacramento 1 - New Orleans 0
TOP OF THE 2ND
Sacramento River Cats batting - Pitching for New Orleans Zephyrs : RHP Tim Barnett
Batting: RHB Hugo Zacarias 0-0: Ball
1-0: Called Strike
1-1: Called Strike
1-2: Strikes out swinging
Batting: RHB Jack Toole 0-0: Ball
1-0: Called Strike
1-1: Swinging Strike
1-2: Foul Ball, location: 2F
1-2: Strikes out swinging
Batting: RHB Dave Crouch 0-0: Foul Ball, location: 2F
0-1: Called Strike
0-2: Ball
1-2: Strikes out swinging
Top of the 2nd over - 0 runs, 0 hits, 0 errors, 0 left on base; Sacramento 1 - New Orleans 0
BOTTOM OF THE 2ND
New Orleans Zephyrs batting - Pitching for Sacramento River Cats : RHP Dave Crouch
Batting: LHB Luis Magdaleno 0-0: Ground out 4-3 (Groundball, 4M, EV 87.5 MPH)
Batting: RHB Isaiah Brockman 0-0: SINGLE (Groundball, 4D, EV 104.4 MPH)
Batting: SHB Jordan Barragan 0-0: Ball
1-0: Foul Ball, location: 2F
1-1: Foul Ball, location: 2F
1-2: Foul Ball, location: 2F
1-2: Ball
2-2: Fly out, F2 (Popup, 23F, EV 84.4 MPH)
Batting: SHB Dan Zink 0-0: Ground out U3 (Groundball, 23, EV 86.9 MPH)
Bottom of the 2nd over - 0 runs, 1 hit, 0 errors, 1 left on base; Sacramento 1 - New Orleans 0
TOP OF THE 3RD
Sacramento River Cats batting - Pitching for New Orleans Zephyrs : RHP Tim Barnett
Batting: LHB Kevin Kantor 0-0: Ball
1-0: DOUBLE (Line Drive, 78D, EV 105.6 MPH)
Batting: LHB Ryan Braden 0-0: Called Strike
0-1: Foul Ball, location: 2F
0-2: Ball
1-2: Ball
2-2: Ball
3-2: Ground out 6-3 (Groundball, 6, EV 81.9 MPH)
Kevin Kantor to third
Batting: LHB Al Hernandez 0-0: Ball
1-0: SINGLE (Flyball, 34D, EV 90.6 MPH)
Kevin Kantor scores
Batting: LHB Willie Ceniceros 0-0: Ball
Al Hernandez steals 2nd base
1-0: Foul Ball, location: 2F
1-1: Hit by Pitch
Batting: RHB Davey Beeson 0-0: Called Strike
0-1: Fly out, F7 (Line Drive, 78M, EV 91.2 MPH)
Batting: RHB Martin Guerrero 0-0: Called Strike
0-1: Ball
1-1: Foul Ball, location: 2F
1-2: Ball
2-2: Foul Ball, location: 2F
2-2: Foul Ball, location: 2F
2-2: Foul Ball, location: 2F
2-2: Foul Ball, location: 2F
2-2: Foul Ball, location: 2F
2-2: Foul Ball, location: 2F
2-2: Ball
3-2: Foul Ball, location: 2F
3-2: Foul Ball, location: 2F
3-2: Fly out, F8 (Flyball, 8RD, EV 106.9 MPH)
Top of the 3rd over - 1 run, 2 hits, 0 errors, 2 left on base; Sacramento 2 - New Orleans 0
BOTTOM OF THE 3RD
New Orleans Zephyrs batting - Pitching for Sacramento River Cats : RHP Dave Crouch
Batting: RHB Ryuki Ogasawara 0-0: Foul Ball, location: 2F
0-1: Ball
1-1: Ground out 5-3 (Groundball, 56, EV 101.2 MPH)
Batting: RHB Alex Gomez 0-0: Fly out, F7 (Flyball, 78D, EV 105.6 MPH)
Batting: RHB Josh Crenwelge 0-0: Ball
1-0: Called Strike
1-1: SINGLE (Groundball, 4M, EV 97.5 MPH) (infield hit)
Batting: RHB Masumitsu Sugiura 0-0: Called Strike
0-1: SINGLE (Flyball, 3D, EV 98.1 MPH)
Josh Crenwelge to second
Runner from 2nd tries for 3rd, SAFE, throw by RF made to third
Batting: RHB Dale Young 0-0: Fielders Choice at 2nd, 6-4 (Groundball, 56, EV 82.5 MPH)
Bottom of the 3rd over - 0 runs, 2 hits, 0 errors, 2 left on base; Sacramento 2 - New Orleans 0
TOP OF THE 4TH
Sacramento River Cats batting - Pitching for New Orleans Zephyrs : RHP Tim Barnett
Batting: RHB Hugo Zacarias 0-0: Ball
1-0: Ground out 3-1 (Groundball, 34, EV 98.8 MPH)
Batting: RHB Jack Toole 0-0: Called Strike
0-1: Ball
1-1: Foul Ball, location: 2F
1-2: Ball
2-2: Ground out 5-3 (Groundball, 56, EV 85.0 MPH)
Batting: RHB Dave Crouch 0-0: Ball
1-0: Foul Ball, location: 2F
1-1: Foul Ball, location: 2F
1-2: Foul Ball, location: 2F
1-2: Strikes out swinging
Top of the 4th over - 0 runs, 0 hits, 0 errors, 0 left on base; Sacramento 2 - New Orleans 0
BOTTOM OF THE 4TH
New Orleans Zephyrs batting - Pitching for Sacramento River Cats : RHP Dave Crouch
Batting: LHB Luis Magdaleno 0-0: Swinging Strike
0-1: Swinging Strike
0-2: Strikes out swinging
Batting: RHB Isaiah Brockman 0-0: SINGLE (Line Drive, 8LS, EV 113.1 MPH)
Batting: SHB Jordan Barragan 0-0: Ball
1-0: Foul Ball, location: 2F
1-1: Called Strike
1-2: Ball
2-2: Strikes out swinging
Batting: SHB Dan Zink 0-0: Ball
1-0: Ball
2-0: Ball
3-0: Called Strike
3-1: Foul Ball, location: 2F
3-2: SINGLE (Groundball, 6MD, EV 95.6 MPH)
Isaiah Brockman to second
Isaiah Brockman to third
Batting: RHB Ryuki Ogasawara 0-0: Ball
1-0: Called Strike
1-1: Fly out, F4 (Popup, 34, EV 53.8 MPH)
Bottom of the 4th over - 0 runs, 2 hits, 0 errors, 2 left on base; Sacramento 2 - New Orleans 0
TOP OF THE 5TH
Sacramento River Cats batting - Pitching for New Orleans Zephyrs : RHP Tim Barnett
Batting: LHB Kevin Kantor 0-0: Swinging Strike
0-1: SINGLE (Groundball, 4, EV 95.0 MPH)
Batting: LHB Ryan Braden 0-0: Ball
1-0: Ball
2-0: Fielders Choice at 2nd, 4-6 (Groundball, 4, EV 101.9 MPH)
Batting: LHB Al Hernandez 0-0: Called Strike
0-1: Ball
1-1: Grounds into double play, 1-6-3 (Groundball, 34S, EV 70.0 MPH)
Top of the 5th over - 0 runs, 1 hit, 0 errors, 0 left on base; Sacramento 2 - New Orleans 0
BOTTOM OF THE 5TH
New Orleans Zephyrs batting - Pitching for Sacramento River Cats : RHP Dave Crouch
Batting: RHB Alex Gomez 0-0: Called Strike
0-1: Foul Ball, location: 2F
0-2: SOLO HOME RUN (Flyball, 7LD, EV 95.6 MPH), Distance : 379 ft
Batting: RHB Josh Crenwelge 0-0: Ball
1-0: Hit by Pitch
Batting: RHB Masumitsu Sugiura 0-0: Foul Ball, location: 2F
0-1: Foul Ball, location: 2F
0-2: Strikes out swinging
Batting: RHB Dale Young 0-0: SINGLE (Line Drive, 89S, EV 104.4 MPH)
Josh Crenwelge to second
Batting: LHB Luis Magdaleno 0-0: Called Strike
0-1: Fly out, F2 (Popup, 25F, EV 82.5 MPH)
Batting: RHB Isaiah Brockman 0-0: Swinging Strike
0-1: Called Strike
0-2: Foul Ball, location: 2F
0-2: Ball
1-2: Ball
2-2: SINGLE (Groundball, 6MD, EV 101.2 MPH)
Josh Crenwelge to third
Dale Young to second
Runner from 3rd tries for Home, SAFE, throw by CF to home
Batting: SHB Jordan Barragan 0-0: Ball
1-0: Ball
2-0: Called Strike
2-1: Ball
3-1: Base on Balls
Dale Young to third
Isaiah Brockman to second
Batting: SHB Dan Zink 0-0: Ball
1-0: Ball
Wild Pitch!
Dale Young scores
Isaiah Brockman to third
Jordan Barragan to second
2-0: Foul Ball, location: 2F
2-1: Ball
3-1: Base on Balls
Batting: RHB Ryuki Ogasawara 0-0: Called Strike
0-1: Fielders Choice at 2nd, 5-4 (Groundball, 56D, EV 76.9 MPH)
Bottom of the 5th over - 3 runs, 3 hits, 0 errors, 3 left on base; Sacramento 2 - New Orleans 3
TOP OF THE 6TH
Sacramento River Cats batting - Pitching for New Orleans Zephyrs : RHP Tim Barnett
Batting: LHB Willie Ceniceros 0-0: Swinging Strike
0-1: Swinging Strike
0-2: Ball
1-2: Ball
2-2: Fly out, F7 (Flyball, 7D, EV 108.1 MPH)
Batting: RHB Davey Beeson 0-0: Ball
1-0: Foul Ball, location: 2F
1-1: SINGLE (Groundball, 6D, EV 101.2 MPH)
Pitching: RHP Alex Garza
Batting: RHB Martin Guerrero 0-0: Called Strike
0-1: Swinging Strike
0-2: Ball
1-2: Ball
2-2: Foul Ball, location: 2F
2-2: Foul Ball, location: 2F
2-2: Ball
3-2: Base on Balls
Davey Beeson to second
Batting: RHB Hugo Zacarias 0-0: Called Strike
0-1: Foul Ball, location: 2F
0-2: Ball
1-2: Ball
2-2: Fielders Choice at 2nd, 4-6 (Groundball, 4MS, EV 81.9 MPH)
Davey Beeson to third
Batting: RHB Jack Toole 0-0: Ball
1-0: Called Strike
1-1: Called Strike
Hugo Zacarias steals 2nd base
1-2: Foul Ball, location: 2F
1-2: Foul Ball, location: 2F
1-2: SINGLE (Groundball, 56D, EV 105.6 MPH)
Davey Beeson scores
Hugo Zacarias to third
Runner from 3rd tries for Home, SAFE, throw by LF to home
Jack Toole to second
Batting: RHB Dave Crouch 0-0: Ball
1-0: Ball
2-0: Ball
Wild Pitch!
Jack Toole to third
3-0: Base on Balls
Batting: LHB Kevin Kantor 0-0: Ball
1-0: Fly out, F8 (Flyball, 78S, EV 83.1 MPH)
Top of the 6th over - 2 runs, 2 hits, 0 errors, 2 left on base; Sacramento 4 - New Orleans 3
BOTTOM OF THE 6TH
New Orleans Zephyrs batting - Pitching for Sacramento River Cats : RHP Dave Crouch
Batting: RHB Alex Gomez 0-0: Foul Ball, location: 2F
0-1: Ball
1-1: Ball
2-1: Foul Ball, location: 2F
2-2: Ball
3-2: SINGLE (Groundball, 6, EV 103.1 MPH)
Batting: RHB Josh Crenwelge 0-0: Called Strike
0-1: SINGLE (Line Drive, 9S, EV 100.0 MPH)
Alex Gomez to second
Batting: RHB Masumitsu Sugiura 0-0: Foul Ball, location: 2F
0-1: SINGLE (Groundball, 34, EV 100.6 MPH)
Alex Gomez to third
Josh Crenwelge to second
Runner from 3rd tries for Home, SAFE, throw by RF to home
Batting: RHB Dale Young 0-0: Ball
1-0: Called Strike
1-1: Fielders Choice at 2nd, 2-4 (Groundball, 2L, EV 74.4 MPH)
Josh Crenwelge to third
Batting: LHB Luis Magdaleno 0-0: DOUBLE (Line Drive, 89D, EV 107.5 MPH)
Josh Crenwelge scores
Dale Young to third
Pitching: LHP Chris Morales
Batting: RHB Isaiah Brockman 0-0: Ball
1-0: Swinging Strike
1-1: DOUBLE (Flyball, 78XD, EV 97.5 MPH)
Dale Young scores
Luis Magdaleno scores
Batting: SHB Jordan Barragan 0-0: Ball
1-0: Called Strike
1-1: Ball
2-1: Foul Ball, location: 2F
2-2: Ball
3-2: Ground out 6-3 (Groundball, 6, EV 83.1 MPH)
Batting: SHB Dan Zink 0-0: Ball
1-0: Ball
2-0: Called Strike
2-1: Ball
3-1: Base on Balls
Batting: RHB Ryuki Ogasawara 0-0: Fly out, F4 (Popup, 4, EV 55.6 MPH)
Bottom of the 6th over - 4 runs, 5 hits, 0 errors, 2 left on base; Sacramento 4 - New Orleans 7
TOP OF THE 7TH
Sacramento River Cats batting - Pitching for New Orleans Zephyrs : RHP Alex Garza
Batting: LHB Ryan Braden 0-0: Ball
1-0: Ball
2-0: Fly out, F8 (Flyball, 78D, EV 90.0 MPH)
Batting: LHB Al Hernandez 0-0: Ball
1-0: Foul Ball, location: 2F
1-1: Fly out, F7 (Flyball, 78S, EV 86.9 MPH)
Batting: LHB Willie Ceniceros 0-0: Called Strike
0-1: Ball
1-1: Foul Ball, location: 2F
1-2: Ball
2-2: Foul Ball, location: 2F
2-2: Fly out, F8 (Flyball, 8LS, EV 94.4 MPH)
Top of the 7th over - 0 runs, 0 hits, 0 errors, 0 left on base; Sacramento 4 - New Orleans 7
BOTTOM OF THE 7TH
New Orleans Zephyrs batting - Pitching for Sacramento River Cats : LHP Chris Morales
Batting: RHB Alex Gomez 0-0: Foul Ball, location: 2F
0-1: Ball
1-1: Foul Ball, location: 2F
1-2: DOUBLE (Line Drive, 89M, EV 108.1 MPH)
Batting: RHB Josh Crenwelge 0-0: Called Strike
0-1: Foul Ball, location: 2F
0-2: Fly out, F8 (Flyball, 8RXD, EV 108.1 MPH)
Runner from 2nd tags up, SAFE at 3rd, no throw by CF
Batting: RHB Masumitsu Sugiura 0-0: Ball
1-0: Swinging Strike
1-1: Ball
2-1: Foul Ball, location: 2F
2-2: Strikes out looking
Batting: RHB Dale Young 0-0: Called Strike
0-1: Foul Ball, location: 2F
0-2: SINGLE (Groundball, 6D, EV 103.8 MPH)
Alex Gomez scores
Batting: LHB Luis Magdaleno Pickoff Throw to First - Out! 1-3
Bottom of the 7th over - 1 run, 2 hits, 0 errors, 0 left on base; Sacramento 4 - New Orleans 8
TOP OF THE 8TH
Sacramento River Cats batting - Pitching for New Orleans Zephyrs : RHP Alex Garza
Pitching: RHP Pat Siebert
Batting: RHB Davey Beeson 0-0: SINGLE (Line Drive, 6M, EV 98.8 MPH)
Batting: RHB Martin Guerrero 0-0: Called Strike
0-1: Swinging Strike
0-2: Foul Ball, location: 2F
0-2: Strikes out looking
Batting: RHB Hugo Zacarias 0-0: Ball
1-0: Called Strike
1-1: Ball
2-1: Swinging Strike
2-2: Ball
3-2: Base on Balls
Davey Beeson to second
Batting: RHB Jack Toole 0-0: Swinging Strike
0-1: Called Strike
0-2: Foul Ball, location: 2F
0-2: Strikes out looking
Batting: LHB Cesar Arteaga 0-0: Ball
1-0: Ball
2-0: Foul Ball, location: 2F
2-1: Called Strike
2-2: Strikes out swinging
Top of the 8th over - 0 runs, 1 hit, 0 errors, 2 left on base; Sacramento 4 - New Orleans 8
BOTTOM OF THE 8TH
New Orleans Zephyrs batting - Pitching for Sacramento River Cats : LHP Chris Morales
Batting: LHB Luis Magdaleno 0-0: Called Strike
0-1: Ball
1-1: Foul Ball, location: 2F
1-2: Foul Ball, location: 2F
1-2: Foul Ball, location: 2F
1-2: Strikes out swinging
Batting: RHB Isaiah Brockman 0-0: Foul Ball, location: 2F
0-1: Foul Ball, location: 2F
0-2: Ball
1-2: Ball
2-2: Strikes out swinging
Batting: SHB Jordan Barragan 0-0: Ball
1-0: Fly out, F6 (Popup, 6S, EV 72.5 MPH)
Bottom of the 8th over - 0 runs, 0 hits, 0 errors, 0 left on base; Sacramento 4 - New Orleans 8
TOP OF THE 9TH
Sacramento River Cats batting - Pitching for New Orleans Zephyrs : RHP Pat Siebert
Pitching: RHP Matt Murray
Batting: LHB Kevin Kantor 0-0: Fly out, F9 (Flyball, 89D, EV 73.1 MPH)
Batting: LHB Ryan Braden 0-0: Called Strike
0-1: Ball
1-1: Swinging Strike
1-2: Strikes out swinging, 2-3 out at first.
Batting: LHB Al Hernandez 0-0: Ball
1-0: Ball
2-0: Ball
3-0: Called Strike
3-1: Foul Ball, location: 2F
3-2: Strikes out swinging
Top of the 9th over - 0 runs, 0 hits, 0 errors, 0 left on base; Sacramento 4 - New Orleans 8
Tuesday, September 13th , 2022 - OOTP Baseball 23.7 Build 88